 Dungeon Crawl Stone Soup version 0.27.1-2-g3b301248ec (webtiles) character file.

Game seed: 9854162161322847350

984 pkoi the Carver (level 7, -1/76 (84) HPs)
             Began as a Minotaur Gladiator on Sept 28, 2021.
             Was an Initiate of Gozag.
             Slain by a wight (3 damage)
             ... on level 7 of the Dungeon.
             The game lasted 00:04:42 (5566 turns).

pkoi the Carver (Minotaur Gladiator)                Turns: 5566, Time: 00:04:43

HP:   -1/76 (84)    AC: 10    Str: 21    XL:     7   Next: 97%
MP:   6/6           EV:  8    Int:  5    God:    Gozag
Gold: 461           SH:  5    Dex: 14    Spells: 6/6 levels left

rFire    + . .     SeeInvis .   a - +0 long sword
rCold    . . .     Faith    .   (no shield)
rNeg     . . .     Spirit   .   e - +0 chain mail
rPois    .         Reflect  +   c - +0 hat
rElec    .         Harm     .   (no cloak)
rCorr    .         Rampage  .   n - +1 pair of gloves {Dex+3}
Will     .....                  (no boots)
Stlth    ..........             m - amulet of reflection
HPRegen  0.22/turn              j - ring of protection from fire
MPRegen  0.10/turn              (no ring)

@: berserking, gold aura, drained, very quick
A: horns 2, retaliatory headbutt
a: Renounce Religion, Potion Petition, Call Merchant, Bribe Branch


You were on level 7 of the Dungeon.
You worshipped Gozag.
Gozag was aware of your devotion.
You visited 1 branch of the dungeon, and saw 6 of its levels.

You collected 1088 gold pieces.
You spent 33 gold pieces at shops.
You paid 594 gold pieces to Gozag.

Inventory:

Hand Weapons
 a - a +0 long sword (weapon)
Missiles
 d - 4 throwing nets (quivered)
 l - 11 poisoned darts
Armour
 c - a +0 hat (worn)
 e - a +0 chain mail (worn)
 n - a +1 pair of gloves of dexterity (worn)
Jewellery
 j - a ring of protection from fire (left hand)
 m - an amulet of reflection (around neck)
Scrolls
 h - 6 scrolls of identify
 i - 3 scrolls of teleportation
 p - a scroll of blinking
 q - 2 scrolls of enchant weapon {unknown}
 s - a scroll of amnesia {unknown}
 t - a scroll of magic mapping
 u - a scroll of fog {unknown}
Potions
 b - 2 potions of curing
 f - a potion of heal wounds
 g - a potion of haste {unknown}
 k - 3 potions of ambrosia {unknown}
 o - a potion of berserk rage {unknown}
 r - a potion of attraction {unknown}


   Skills:
 - Level 2.4 Fighting
 + Level 11.4 Long Blades
 - Level 2.0 Throwing
 - Level 3.2 Dodging


You had 6 spell levels left.
You didn't know any spells.
Your spell library contained the following spells:

 Spells                   Type           Power      Damage    Failure   Level
 Sandblast                Erth           0%         2d4       99%         1
 Passwall                 Tmut/Erth      0%         N/A       100%        2
 Call Canine Familiar     Summ           0%         N/A       100%        3
 Portal Projectile        Hex/Tloc       0%         N/A       100%        3
 Leda's Liquefaction      Hex/Erth       0%         N/A       100%        4
 Blade Hands              Tmut           0%         N/A       100%        5
 Excruciating Wounds      Necr           0%         N/A       100%        5
 Lee's Rapid Deconstruct  Erth           0%         3d5*      100%        5


Dungeon Overview and Level Annotations

Branches:
Dungeon (5/15)             Temple (0/1) D:7

Altars:
Gozag
Makhleb
Qazlal
Yredelemnul

Shops:
D:2 !


Innate Abilities, Weirdness & Mutations

You have a pair of horns on your head.
You reflexively headbutt those who attack you in melee.


Message History

* * * LOW HITPOINT WARNING * * *
The wight freezes you!
* * * LOW HITPOINT WARNING * * *
You hit the wight.
The wight is moderately damaged.
The wight hits you with a +3 spear.
* * * LOW HITPOINT WARNING * * *
You feel drained.
Unknown command.
You slash the wight!
The wight is severely damaged.
The wight is distracted by your dazzling golden aura.
Unknown command.
You closely miss the wight.
The wight is severely damaged.
The wight is no longer distracted by gold.
The wight hits you with a +3 spear.
* * * LOW HITPOINT WARNING * * *
The wight hits you with a +5 battleaxe of freezing.
* * * LOW HITPOINT WARNING * * *
You feel drained.
* * * LOW HITPOINT WARNING * * *
The wight freezes you.
* * * LOW HITPOINT WARNING * * *
You hit the wight. Your headbutt misses the wight.
The wight is almost destroyed.
Unknown command.
You closely miss the wight. You headbutt the wight.
You destroy the wight!
You block the wight's attack.
Unknown command.
You barely miss the wight.
The wight is heavily damaged.
You barely miss the wight. Your headbutt misses the wight.
The wight is heavily damaged.
The wight hits you with a +5 battleaxe of freezing!
* * * LOW HITPOINT WARNING * * *
You feel drained.
You die...
Your body crumbles into a pile of gold.

......###
**,,,* #.##
#...###
#...#### ##.#
###.#
#.!....##*
#.## #.#
#........**
##.# #.#
#........,**
#.. #.#
#........,,*
##. #.#
#........,**
#. #.#
#$.......,*
## #.#
#@.......** #
# #.#
##$z.....#* #
###.#
#........#
..#.#
####.......##
# ....##
#.##....####
## .....##
#..#....# ##.
......#
#..#....#
##.# ......##
###<....#
###.##
.......#
#.....#
##..##


You could see a wight.

Vanquished Creatures
  An orc warrior (D:7)
  A necrophage (D:4)
  4 scorpions
  A water moccasin skeleton (D:4)
  2 wights (D:7)
  A jelly (D:5)
  A bullfrog skeleton (D:5)
  A gnoll shaman (D:4)
  A hound (D:4)
  An iguana (D:4)
  4 orc wizards
  10 adders
  An adder zombie (D:5)
  An adder skeleton (D:4)
  2 worms
  A dart slug (D:1)
  9 orcs
  8 endoplasms
  5 giant cockroaches
  6 goblins
  6 hobgoblins
  3 jackals (D:3)
  4 kobolds
  3 quokkas
  5 ball pythons
  4 bats
  10 frilled lizards
  9 rats
105 creatures vanquished.

Vanquished Creatures (others)
  An orc wizard (D:4)
  9 plants (D:3)
10 creatures vanquished.

Grand Total: 115 creatures vanquished

Notes
Turn   | Place    | Note
-------+----------+-------------------------------------------
     0 | D:1      | pkoi the Minotaur Gladiator began the quest for the Orb.
     0 | D:1      | Reached XP level 1. HP: 18/18 MP: 0/0
   136 | D:1      | Reached skill level 4 in Long Blades
   261 | D:1      | Reached XP level 2. HP: 24/25 MP: 1/1
   714 | D:2      | Reached skill level 5 in Long Blades
   909 | D:2      | Reached XP level 3. HP: 30/30 MP: 2/2
  1033 | D:2      | Found a faded altar of an unknown god.
  1129 | D:2      | Found an opulent altar of Gozag.
  1178 | D:2      | Became a worshipper of Gozag Ym Sagoz the Greedy
  1301 | D:2      | Reached skill level 6 in Long Blades
  1301 | D:2      | Reached XP level 4. HP: 24/37 MP: 3/3
  1828 | D:2      | Found Saqushri's Distillery.
  1831 | D:2      | Bought a potion of curing for 33 gold pieces
  2344 | D:3      | Reached XP level 5. HP: 42/42 MP: 4/4
  2454 | D:3      | Reached skill level 7 in Long Blades
  2903 | D:3      | Found a burning altar of Makhleb.
  3099 | D:4      | Found a basalt altar of Yredelemnul.
  3100 | D:4      | Found a stormy altar of Qazlal.
  3113 | D:4      | Reached skill level 8 in Long Blades
  3113 | D:4      | Reached XP level 6. HP: 50/50 MP: 5/5
  3945 | D:4      | Reached skill level 9 in Long Blades
  4286 | D:4      | Reached XP level 7. HP: 55/56 MP: 6/6
  4321 | D:4      | Reached skill level 10 in Long Blades
  4449 | D:5      | Entered Level 5 of the Dungeon
  4554 | D:5      | You fall into a shaft and drop 2 floors!
  4583 | D:7      | Found a staircase to the Ecumenical Temple.
  4639 | D:7      | Identified a scroll of acquirement
  4639 | D:7      | Acquired a +1 pair of gloves of dexterity
  4690 | D:7      | HP: 1/56 [orc warrior (7)]
  4692 | D:7      | Reached skill level 11 in Long Blades
  5566 | D:7      | HP: 2/78 [wight (9)]
  5566 | D:7      | Slain by a wight

Illustrated notes

Levels and vault maps discovered:
D:1:      dpeg_arrival_triangle_fractal, layout_basic, minmay_hexomino_f4
D:2:      minmay_general_purpose_star, layout_loops_corners,
          hellmonk_ecumenical_altar_arch_garden, basic_altar, serial_shops,
          nicolae_shop_behind_doors, minmay_misc_feat_ornament,
          minmay_misc_feat_tiny, minmay_tiny_reverse_x
D:3:      layout_loops_ring, lightli_temple_of_fire, minmay_misc_feat_doors,
          minmay_parallelograms, serial_bayou_lagoon_b
D:4:      minmay_polygon_palace, layout_basic,
          chequers_temple_overflow_statue_of_worship
D:5:      layout_cave_pools, serial_shops, nicolae_stop_n_shop_1,
          uniq_prince_ribbit1
D:7:      layout_cave_pods, minmay_temple_entry_statues_pillars

Skill      XL: |  1  2  3  4  5  6  7 |
---------------+----------------------+-----
Long Blades    | 4 5 6 8 9 11 | 11.4
Fighting       | |  2.4
Throwing       | |  2.0
Dodging        | |  3.2

Action                   |  1- 3 |  4- 6 |  7- 9 || total
-------------------------+-------+-------+-------++-------
Melee: Long sword        |    71 |   157 |    75 ||   303
       Headbutt          |    10 |    25 |    16 ||    51
Invok: Potion Petition   |       |       |     2 ||     2
  Use: Scroll            |     2 |       |     7 ||     9
 Stab: Distracted        |       |     1 |       ||     1
Armor: Chain mail        |    47 |    72 |    16 ||   135
Dodge: Dodged            |    34 |    49 |    12 ||    95
Block: Other             |       |    12 |    10 ||    22
       Rpst.: Long sword |    11 |    16 |     3 ||    30
